Map: Amphion LE

Players

LiquidMaNa (MaNa)

  • Race: Protoss Protoss
  • League: Grandmaster
  • Spawn Location: 11:00

LiquidClem (Clem) - Winner!

  • Race: Terran Terran
  • League: Grandmaster
  • Spawn Location: 7:00

Event: HomeStory Cup XXV

VOD

Have the link to the VOD?

Description

Time

  • Played on: June 21, 2024, 6:29 a.m.
  • Length: 7:00

All games in this series

Show
View Real Time Build Order
Export as new Build Order

LiquidMaNa Protoss 

Build Orders: Oracle Opening 

Get SALT Encoding   

  12  0:00  Probe  
  13  0:12  Probe  
  14  0:18  Pylon  
  14  0:24  Probe (Chrono Boost)  
  15  0:36  Probe (Chrono Boost)  
  15  0:38  Gateway  
  16  0:45  Probe (Chrono Boost)  
  16  0:47  Assimilator  
  17  0:51  Probe  
  18  1:06  Probe  
  19  1:18  Probe  
  19  1:25  Cybernetics Core, Zealot (Chrono Boost)  
  22  1:38  Pylon  
  22  1:45  Probe  
  23  1:47  Assimilator  
  22  2:04  Nexus  
  22  2:05  Adept (Chrono Boost)  
  23  2:10  Probe  
  22  2:23  Probe  
  22  2:28  Stargate  
  23  2:35  Probe  
  24  2:44  Stalker  
  26  2:48  Probe  
  24  3:00  Probe  
  24  3:09  Oracle (Chrono Boost)  
  28  3:16  Probe x2 (Chrono Boost)  
  29  3:25  Probe (Chrono Boost)  
  31  3:27  Probe (Chrono Boost)  
  31  3:31  Probe  
  32  3:36  Probe  
  33  3:43  Probe  
  33  3:48  Oracle (Chrono Boost)  
  37  3:51  Probe  
  38  3:56  Probe  
  38  4:00  Shield Battery  
  39  4:04  Probe  
  39  4:08  Probe  
  41  4:16  Probe  
  42  4:20  Probe  
  42  4:22  Oracle (Chrono Boost)  
  46  4:28  Pylon  
  46  4:34  Twilight Council  
  46  4:46  Probe (Chrono Boost)  
  46  4:48  Pylon  
  46  4:52  Probe (Chrono Boost)  
  48  4:56  Probe (Chrono Boost)  
  50  5:00  Probe (Chrono Boost)  
  50  5:01  Probe (Chrono Boost)  
  50  5:03  Gateway  
  50  5:04  Gateway, Blink (Chrono Boost)  
  51  5:10  Probe  
  51  5:13  Probe  
  53  5:19  Pylon  
  53  5:22  Probe  
  51  5:29  Probe  
  51  5:32  Pylon  
  51  5:35  Probe  
  53  5:41  Probe  
  54  5:45  Assimilator  
  54  5:47  Probe  
  55  5:53  Probe  
  55  5:56  Gateway  
  56  5:58  Gateway  
  56  5:59  Gateway  
  56  6:04  Pylon  
  56  6:07  Stalker  
  56  6:08  Stalker x2  
  62  6:15  Probe  
  64  6:25  Probe  
  64  6:27  Probe  
  65  6:33  Shield Battery  
Show
View Real Time Build Order
Export as new Build Order

LiquidClem Terran - Winner!

Build Orders: Cyclone Opening 

Get SALT Encoding   

  12  0:00  SCV  
  13  0:15  Supply Depot  
  13  0:18  SCV  
  14  0:30  SCV  
  15  0:38  Barracks  
  15  0:44  Refinery  
  15  0:48  SCV  
  16  0:57  Refinery  
  16  1:00  SCV  
  17  1:12  SCV  
  18  1:25  Orbital Command, Reaper  
  19  1:31  Supply Depot  
  19  1:41  Bunker  
  19  1:52  SCV  
  20  1:57  Reaper  
  21  2:04  SCV  
  22  2:09  Factory  
  22  2:16  SCV  
  23  2:28  SCV  
  24  2:34  Command Center  
  24  2:40  SCV  
  24  2:42  Supply Depot  
  25  2:52  SCV  
  25  2:55  Cyclone  
  28  3:04  SCV  
  28  3:06  Starport  
  28  3:16  SCV, Barracks  
  29  3:27  Cyclone  
  29  3:29  SCV  
  32  3:41  SCV  
  35  3:49  Starport Reactor  
  35  3:53  SCV  
  35  3:54  Barracks  
  34  3:59  Cyclone  
  34  4:00  Orbital Command  
  36  4:07  Barracks Tech Lab  
  36  4:08  SCV  
  37  4:17  Engineering Bay  
  37  4:20  SCV  
  38  4:25  Marine, Stimpack  
  38  4:27  SCV  
  40  4:32  SCV, Starport Tech Lab  
  40  4:33  Marine x2  
  40  4:37  Factory Reactor  
  43  4:39  SCV  
  43  4:40  Supply Depot  
  43  4:45  Marine  
  45  4:46  SCV  
  45  4:47  Terran Infantry Weapons Level 1  
  46  4:54  SCV, Marine  
  46  4:55  Marine  
  46  4:56  Starport Reactor  
  46  4:58  Combat Shield  
  48  5:00  SCV  
  48  5:01  Marine  
  48  5:06  Marauder  
  52  5:07  SCV  
  52  5:12  Supply Depot, SCV  
  52  5:13  Marine  
  52  5:14  Marine  
  56  5:17  Refinery  
  56  5:21  SCV  
  57  5:22  Marauder  
  57  5:25  SCV  
  59  5:30  Marauder  
  59  5:33  SCV, Medivac  
  63  5:36  Marine x2  
  63  5:37  SCV  
  63  5:40  Supply Depot  
  63  5:42  Medivac  
  68  5:46  SCV  
  69  5:53  Supply Depot  
  69  5:56  Refinery  
  69  5:58  Marine  
  69  6:01  SCV, Marine  
  69  6:02  Marauder, Widow Mine x2  
  78  6:05  Supply Depot  
  78  6:11  Supply Depot  
  78  6:13  SCV  
  78  6:15  SCV, Marauder  
  78  6:18  Marine  
  80  6:22  Marine  
  80  6:23  Marauder  
  83  6:25  SCV  
  83  6:27  SCV  
  85  6:33  Supply Depot  
  85  6:35  Marine  
  85  6:36  Widow Mine x2  
  85  6:37  SCV  
  85  6:39  Marine  
  94  6:43  SCV  
Tags
 
Add a new tag
Caveats
  • Supply blocks, unpowered buildings, or Contaminate may cause inaccurate times.
  • Supply counts are checked every 10 seconds.